 Dungeon Crawl Stone Soup version 0.31-a0-1338-gb567cfdca4 (webtiles) character file.

Game seed: 5265022926654190674

1905 reriks the Trooper (level 9, 0/57 HPs)
             Began as a Gargoyle Fighter on Dec 21, 2023.
             Killed from afar by an acid dragon (16 damage)
             ... with a splash of acid
             ... on level 6 of the Dungeon.
             The game lasted 00:07:01 (4222 turns).

reriks the Trooper (Gargoyle Fighter)               Turns: 4222, Time: 00:07:01

Health: 0/57       AC: 15    Str: 21    XL:     9   Next: 16%
Magic:  9/9        EV:  8    Int: 11    God:
Gold:   253        SH: 10    Dex: 13    Spells: 8/8 levels left

rFire   + . .        q - +7 mace of the Bruised Wonders {spect, rF+ Int+3}
rCold   . . .        y - +0 kite shield
rNeg    + . .        b - +0 scale mail
rPois   ∞            (no helmet)
rElec   +            (no cloak)
rCorr   .            (no gloves)
SInv    .            m - +0 pair of boots
Will    .....        (no amulet) Stlth
                     j - ring of wizardry
HPRegen 0.29/turn    (no ring)
MPRegen 0.11/turn

%: wizardry (x1)
@: no status effects
A: sickness immunity, AC +6, negative energy resistance 1, electricity
resistance, torment resistance 1, petrification resistance
a: no special abilities


You were on level 6 of the Dungeon.
You visited 1 branch of the dungeon, and saw 6 of its levels.

You collected 253 gold pieces.

Inventory:

Hand Weapons
 a - a +0 flail
 q - the +7 mace of the Bruised Wonders (weapon) {spect, rF+ Int+3}
   (You found it on level 3 of the Dungeon)

   Int+3:     It affects your intelligence (+3).
   rF+:       It protects you from fire.
Missiles
 n - 8 boomerangs (quivered)
 u - 4 javelins
Armour
 b - a +0 scale mail (worn)
 c - a +0 buckler
 m - a +0 pair of boots (worn)
 y - a +0 kite shield (worn)
Jewellery
 j - a ring of wizardry (left hand)
Wands
 r - a wand of polymorph (9)
 s - a wand of paralysis (9)
Scrolls
 e - 9 scrolls of identify {unknown}
 f - a scroll of teleportation {unknown}
 g - 2 scrolls of fear {unknown}
 i - 2 scrolls of torment {unknown}
 l - 3 scrolls of silence {unknown}
 o - 2 scrolls of vulnerability {unknown}
 t - a scroll of revelation {unknown}
 w - 2 scrolls of immolation {unknown}
 x - 2 scrolls of blinking {unknown}
 B - a scroll of poison {unknown}
 C - a scroll of amnesia {unknown}
Potions
 d - a potion of might
 h - a potion of berserk rage {unknown}
 k - 3 potions of curing {unknown}
 p - 2 potions of attraction {unknown}
 v - a potion of brilliance {unknown}
 z - a potion of heal wounds {unknown}
 A - a potion of degeneration {unknown}


   Skills:
 + Level 7.2 Fighting
 + Level 6.1 Maces & Flails
 + Level 7.1 Armour
 + Level 7.1 Shields


You had 8 spell levels left.
You didn't know any spells.
Your spell library contained the following spells:

 Spells                   Type           Power      Damage    Failure   Level
 Freeze                   Ice            0%         1d3       56%         1
 Frozen Ramparts          Ice            0%         1d1       89%         3
 Hailstorm                Conj/Ice       0%         3d5       89%         3


Dungeon Overview and Level Annotations

Branches:
Dungeon (6/15)
 Temple: D:4-7

Altars:
Uskayaw

Shops:
D:1 *


Innate Abilities, Weirdness & Mutations

You are immune to sickness and miasma.
Your stone body is resilient. (AC +6)
You are immune to poison.
You resist negative energy. (rN+)
You are resistant to electric shocks. (rElec)
You are resistant to unholy torment.
You are immune to petrification.


Message History

The steam dragon breathes steam at you. The ball of steam hits you. You resist.
The steam dragon closely misses you. The steam dragon claws you.
You hit the steam dragon.
The steam dragon is almost dead.
The steam dragon bites you but does no damage.
You block the steam dragon's attack.
You thump the steam dragon!
You kill the steam dragon!
The hound bites you but does no damage.
Your Fighting skill increases to level 7!
Your Maces & Flails skill increases to level 6!
Your Armour skill increases to level 7!
Your Shields skill increases to level 7!
You sock the hound!
The hound is severely wounded.
The hound bites you. The hound barely misses you.
Unknown command.
You sock the hound!
You kill the hound!
You completely miss the ogre.
The ogre is engulfed in a cloud of scalding steam.
The ogre hits you with a +0 giant club!!
You are too injured to fight recklessly!
You are too injured to fight recklessly!
You are too injured to fight recklessly!
You sock the ogre!
The ogre is heavily wounded.
The ogre hits you with a +0 giant club!
* * * LOW HITPOINT WARNING * * *
You sock the ogre!
You kill the ogre!
You sock the acid dragon!
The acid dragon is heavily wounded.
The acid dragon barely misses you. You block the acid dragon's attack.
You thump the acid dragon!
The acid dragon is almost dead.
The acid dragon spits acid at you. The splash of acid hits you!
You die...

#......# # ####......###
######.##.....###.
########......##.........
#......................(.
#.####.....####..........
#.# ##...##.)#.........#
#.# ##.##...#........##
#.##. #@#h..##..........
#..##55#D#†O##...........
##...###JOh###..........##
#........8................
#....###...###............
#...## +#.#. ##...........
#..## #.#.. ##..........
#..# ##.##. #..........
#..# ##...##. #..........


You could see an acid dragon (catching breath), an ogre, a howler monkey and a
jelly.

Vanquished Creatures
  A troll (D:6)
  2 steam dragons (D:6)
  Eustachio (D:5)
  A water moccasin (D:5)
  4 ogres
  3 phantoms
  2 scorpions
  3 hounds (D:6)
  A jelly (D:6)
  Ijyb (D:3)
  An orc priest (D:5)
  3 iguanas
  2 sleepcaps
  2 orc wizards (D:5)
  4 adders
  A bombardier beetle (D:5)
  A white imp (D:6)
  An ufetubus (D:6)
  4 worms (D:3)
  2 dart slugs
  22 orcs
  11 ball pythons
  6 endoplasms
  6 giant cockroaches
  6 goblins (D:1)
  2 hobgoblins (D:2)
  4 jackals
  3 quokkas
  10 bats
  6 frilled lizards
  4 kobolds
120 creatures vanquished.

Notes
Turn   | Place    | Note
-------+----------+-------------------------------------------
     0 | D:1      | reriks the Gargoyle Fighter began the quest for the Orb.
     0 | D:1      | Reached XP level 1. HP: 14/14 MP: 1/1
    73 | D:1      | Reached XP level 2. HP: 19/19 MP: 2/2
   367 | D:1      | Found Vywaacs's Assorted Antiques.
   458 | D:1      | Reached XP level 3. HP: 23/23 MP: 3/3
  1497 | D:3      | Reached XP level 4. HP: 26/29 MP: 4/4
  1506 | D:3      | Identified the +7 mace of the Bruised Wonders {spect, rF+
                  | Int+3}
  1574 | D:3      | Noticed Ijyb
  1660 | D:3      | Killed Ijyb
  1833 | D:3      | Reached XP level 5. HP: 33/33 MP: 5/5
  2175 | D:4      | Noticed a phantom
  2180 | D:4      | Killed a phantom
  2230 | D:4      | Reached XP level 6. HP: 39/39 MP: 6/6
  2255 | D:4      | Reached skill level 5 in Fighting
  2255 | D:4      | Reached skill level 5 in Armour
  2255 | D:4      | Reached skill level 5 in Shields
  2255 | D:4      | Reached XP level 7. HP: 31/44 MP: 7/7
  2634 | D:4      | Found a hide-covered altar of Uskayaw.
  2853 | D:5      | Entered Level 5 of the Dungeon
  3183 | D:5      | Noticed Eustachio
  3195 | D:5      | Killed Eustachio
  3256 | D:5      | Reached XP level 8. HP: 51/51 MP: 8/8
  3618 | D:6      | Reached skill level 5 in Maces & Flails
  4037 | D:6      | Noticed a troll
  4040 | D:6      | Killed a troll
  4201 | D:6      | Reached XP level 9. HP: 56/56 MP: 9/9
  4222 | D:6      | Killed from afar by an acid dragon

Illustrated notes

Levels and vault maps discovered:
D:1:      grunt_arrival_crossed_arrows, layout_basic, serial_shops, shop,
          chequers_serial_rivers_room_b
D:2:      layout_rooms
D:3:      minmay_chambers_of_threes, layout_rooms, serial_corexii_hall,
          corexii_hall_statues_x, chequers_hall_statues_y, uniq_ijyb
D:4:      layout_loops_ring, mainiacjoe_overflow_alcove_1
D:5:      layout_cave_pools, uniq_eustachio
D:6:      cheibrodos_barr_body, layout_cave_pools

Skill      XL: |  1  2  3  4  5  6  7  8  9 |
---------------+----------------------------+-----
Fighting       | 4 5 6 7 |  7.2
Armour         | 4 5 6 7 |  7.1
Shields        | 4 5 6 7 |  7.1
Maces & Flails | 3 4 5 6 |  6.1

Action                     |  1- 3 |  4- 6 |  7- 9 || total
---------------------------+-------+-------+-------++-------
  Melee: Flail             |   135 |       |       ||   135
         Mace              |       |    43 |   113 ||   156
         Unarmed           |       |     1 |       ||     1
  Throw: Javelin           |       |    13 |     1 ||    14
         Boomerang         |       |       |    21 ||    21
 Armour: Scale mail        |    77 |    12 |    77 ||   166
  Dodge: Dodged            |    56 |    10 |    55 ||   121
  Block: Buckler           |    51 |     8 |    18 ||    77
         Kite shield       |       |       |    31 ||    31

Table legend: (Time is in decaauts)
 A = Elapsed time spent in this place.
 B = Non-inter-level travel time spent in this place.
 C = Inter-level travel time spent in this place.
 D = Time resting spent in this place.
 E = Time spent auto-exploring this place.
 F = Levels seen in this place.
 G = Mean time per level.
                   A        B        C        D        E       F      G
               +--------+--------+--------+--------+--------+-----+--------+
         Total |   4318 |   4116 |    202 |    381 |   2894 |   6 |  719.7 |
       Dungeon |   4318 |   4116 |    202 |    381 |   2894 |   6 |  719.7 |
               +--------+--------+--------+--------+--------+-----+--------+

Top non-repeatable levels by time:
     D:1: 973 daAuts
     D:4: 825 daAuts
     D:6: 709 daAuts
     D:5: 676 daAuts
     D:3: 600 daAuts
     D:2: 533 daAuts
